 Dungeon Crawl Stone Soup version 0.13-a0-1762-gc06daff (webtiles) character file.

241 Kae the Chiller (level 4, -2/30 HPs)
             Began as a Demonspawn Ice Elementalist on June 22, 2013.
             Was a Believer of Nemelex Xobeh.
             Slain by an insubstantial wisp (7 damage)
             ... summoned by the player character
             ... on Level 3 of the Dungeon.
             The game lasted 00:04:39 (2456 turns).

Kae the Chiller (Demonspawn Ice Elementalist)       Turns: 2456, Time: 00:04:39

HP  -2/30        AC  2     Str  8      XL: 4   Next: 40%
MP   4/8         EV  6     Int 18      God: Nemelex Xobeh [**....]
Gold 146         SH  0     Dex 13      Spells:  2 memorised,  4 levels left

Res.Fire  : . . .   See Invis. : .   p - legendary deck of summonings {drawn: 4}
Res.Cold  : . . .   Warding    : .   a - +0 robe
Life Prot.: . . .   Conserve   : .   (no shield)
Res.Poison: .       Res.Corr.  : .   (no helmet)
Res.Elec. : .       Clarity    : .   (no cloak)
Sust.Abil.: . .     Spirit.Shd : .   (no gloves)
Res.Mut.  : .       Stasis     : .   (no boots)
Res.Rott. : .       Flight     : .   (no amulet)
Saprovore : . . .                    (no ring)
                                     (no ring)

@: held, slightly resistant to hostile enchantments, fairly stealthy
A: conserve scrolls, spiny 1
a: Draw One, Peek at Two, Renounce Religion


You were on level 3 of the Dungeon.
You worshipped Nemelex Xobeh.
Nemelex Xobeh was most pleased with you.
You were not hungry.

You visited 1 branch of the dungeon, and saw 3 of its levels.

You collected 126 gold pieces.

Inventory:

Armour
 a - a +0 robe (worn)
Comestibles
 c - 2 bread rations
 j - an apple
 l - a banana
 n - 3 meat rations
 x - a chunk of rat flesh
Scrolls
 d - 2 scrolls of identify {unknown}
 e - 2 scrolls of remove curse {unknown}
 h - a scroll of fog {unknown}
 i - a scroll of fear {unknown}
 k - a scroll of curse armour {unknown}
 q - 2 scrolls of teleportation {unknown}
 r - a scroll of recharging {unknown}
 u - a scroll of enchant weapon I {unknown}
 v - 2 scrolls of amnesia {unknown}
Potions
 f - a potion of heal wounds {unknown}
 m - a potion of curing {unknown}
 o - a potion of restore abilities
 s - a potion of might
 t - a potion of brilliance {unknown}
Books
 b - a book of Frost

   Spells                             Type                      Level
   *Freeze                            Ice                          1
   *Throw Frost                       Conjuration/Ice              2
   Ozocubu's Armour                   Charms/Ice                   3
   Throw Icicle                       Conjuration/Ice              4
   Summon Ice Beast                   Ice/Summoning                4
   Condensation Shield                Ice                          4
Miscellaneous
 g - a plain deck of defence
 p - a legendary deck of summonings {drawn: 4} (in hand)


   Skills:
 - Level 1.7 Dodging
 - Level 1.7 Stealth
 + Level 2.4 Spellcasting
 * Level 1.1 Conjurations
 * Level 4.0 Ice Magic
 * Level 0.4 Evocations


You had 4 spell levels left.
You knew the following spells:

 Your Spells              Type           Power        Failure   Level  Hunger
a - Freeze                Ice            ###.         3%          1    #......
b - Throw Frost           Conj/Ice       ##....       12%         2    ##.....


Dungeon Overview and Level Annotations

Branches:
Dungeon (3/27)

Altars:
Ashenzari
Nemelex Xobeh


Innate Abilities, Weirdness & Mutations

You are very good at protecting items from fire.
You are partially covered in sharp spines.


Message History

Your insubstantial wisp hits the insubstantial wisp.
Your insubstantial wisp hits the gnoll.
The insubstantial wisp dodges your spines.
The insubstantial wisp hits you!
You struggle to escape the net.
The gnoll misses your insubstantial wisp.
The insubstantial wisp dodges your spines.
The insubstantial wisp hits you!
* * * LOW HITPOINT WARNING * * *
Your insubstantial wisp barely misses the gnoll.
Your insubstantial wisp misses the insubstantial wisp.
Read which item? (? for menu, Esc to quit)
Okay, then.
Drink which item? (? for menu, Esc to quit)
You feel refreshed.
It was a potion of restore abilities.
The gnoll completely misses your insubstantial wisp.
The insubstantial wisp dodges your spines.
The insubstantial wisp hits you!
You die...
Your body glows slightly and disappears.

#########################
..............vv@vgg....#
#######################.# #.# #.#
#.# ############# #######.#
#...........# #.......# #
#...........# #.......# #
##...........####.......#########


You could see an insubstantial wisp, 2 gnolls and 2 friendly insubstantial
wisps.

Vanquished Creatures
  A gnoll (D:3)
  2 adders
  A worm (D:2)
  3 orcs (D:3)
  A ball python (D:2)
  7 bats
  3 hobgoblins (D:2)
  4 giant cockroaches
  2 giant geckos (D:2)
  3 giant newts
  7 goblins
  9 kobolds
  7 rats
50 creatures vanquished.

Vanquished Creatures (collateral kills)
  Jessica (D:2)
  A worm (D:2)
2 creatures vanquished.

Vanquished Creatures (others)
  A giant newt (D:2)
1 creature vanquished.

Grand Total: 53 creatures vanquished

Notes
Turn   | Place    | Note
--------------------------------------------------------------
     0 | D:1      | Kae, the Demonspawn Ice Elementalist, began the quest for the Orb.
     0 | D:1      | Reached XP level 1. HP: 13/13 MP: 3/3
    87 | D:1      | Found a sparkling altar of Nemelex Xobeh.
    98 | D:1      | Became a worshipper of Nemelex Xobeh
   120 | D:1      | Received a gift from Nemelex Xobeh
   223 | D:1      | Gained mutation: You are partially covered in sharp spines. [demonic ancestry]
   223 | D:1      | Reached XP level 2. HP: 7/19 MP: 1/4
   310 | D:1      | Acquired Nemelex Xobeh's first power
   515 | D:1      | Reached skill level 3 in Ice Magic
   719 | D:1      | Received a gift from Nemelex Xobeh
  1179 | D:2      | Reached XP level 3. HP: 10/24 MP: 3/6
  1224 | D:2      | Noticed Jessica
  1346 | D:2      | Killed Jessica
  1913 | D:2      | Acquired Nemelex Xobeh's second power
  2157 | D:2      | Gained mutation: You are very good at protecting items from fire. [demonic ancestry]
  2157 | D:2      | Reached XP level 4. HP: 26/30 MP: 6/8
  2282 | D:3      | Learned a level 2 spell: Throw Frost
  2341 | D:3      | Found a shattered altar of Ashenzari.
  2452 | D:3      | Reached skill level 4 in Ice Magic
  2456 | D:3      | Slain by an insubstantial wisp

Action                   |  1- 3 |  4- 6 || total
-------------------------+-------+-------++-------
Melee: Unarmed           |    18 |       ||    18
 Cast: Freeze            |    54 |    20 ||    74
Evoke: Deck              |    15 |     1 ||    16
  Use: Potion            |       |     1 ||     1
 Stab: Sleeping          |     1 |       ||     1
